 Dungeon Crawl Stone Soup version 0.29-a0-902-g0f71de6fce (webtiles) character file.

Game seed: 13745832332082421901

4425 Malachi the Transmogrifier (level 10, 0/71 HPs)
             Began as a White Draconian Transmuter on July 24, 2022.
             Was a Believer of Ru.
             Slain by Erica
             ... wielding a +2 scimitar of flaming
              (4 damage)
             ... on level 9 of the Dungeon.
             The game lasted 00:17:26 (12945 turns).

Malachi the Transmogrifier (DrTm)                  Turns: 12945, Time: 00:17:26

Health: 0/71       AC:  6    Str: 12    XL:     10   Next: 14%
Magic:  15/16      EV: 19    Int: 18    God:    Ru [**....]
Gold:   528        SH:  0    Dex: 23    Spells: 2/17 levels left

rFire   . . .      SeeInvis .     - Unarmed
rCold   . . .      Faith    .   (shield currently unavailable)
rNeg    . . .      Spirit   .   (body armour unavailable)
rPois   .          Reflect  .   (helmet currently unavailable)
rElec   .          Harm     .   (cloak currently unavailable)
rCorr   .          Rampage  .   (gloves currently unavailable)
Will    .....                   (boots currently unavailable)
Stlth   ++........              (no amulet)
HPRegen 0.21/turn               c - +4 ring of protection
MPRegen 0.15/turn               r - ring of Birdsong {Wiz Drain rPois Dex+6}

@: spider-form, unable to drink
A: venomous fangs, (breathe frost), AC +7, tiny, unfitting armour, (cold
resistance 1), (cold-blooded), inability to use devices, (antennae 1), (shaggy
fur 1), inability to drink while threatened 1
a: End Transformation, Renounce Religion


You were on level 9 of the Dungeon.
You worshipped Ru.
Ru was pleased with you.
You were a venomous arachnid creature.
You visited 2 branches of the dungeon, and saw 10 of its levels.

You collected 528 gold pieces.

Inventory:

Hand Weapons
 k - a +3 dagger of venom (melded)
Missiles
 g - 3 throwing nets
Armour
 m - a +0 pair of gloves (melded)
Jewellery
 c - a +4 ring of protection (left front leg)
 l - a ring of positive energy
 r - the ring of Birdsong (right front leg) {Wiz Drain rPois Dex+6}
   (You acquired it on level 6 of the Dungeon)

   [ring of wizardry]

   It improves your spell success rate.
   Dex:       It affects your dexterity (+6).
   rPois:     It protects you from poison.
   Drain:     It drains your maximum health when unequipped.
 s - a +4 ring of evasion
 w - an amulet of faith
 y - a ring of protection from cold
 D - a ring of poison resistance
Scrolls
 f - a scroll of brand weapon
 h - 2 scrolls of teleportation
 i - 2 scrolls of magic mapping
 v - a scroll of fear
 A - a scroll of poison
Potions
 a - 2 potions of lignification
 b - 3 potions of haste
 j - a potion of heal wounds
 o - a potion of flight
 p - a potion of invisibility
 q - 2 potions of might
 t - 2 potions of brilliance
 u - 3 potions of curing
 x - 3 potions of ambrosia {unknown}
 z - a potion of cancellation {unknown}
 B - 2 potions of attraction {unknown}


   Skills:
 - Level 1.1 Fighting
 - Level 1.7 Dodging
 - Level 3.0 Unarmed Combat
 - Level 4.0 Spellcasting
 + Level 13.1 Transmutations
 - Level 7.0 Ice Magic


You had 2 spell levels left.
You knew the following spells:

 Your Spells              Type           Power      Damage    Failure   Level
a - Beastly Appendage     Tmut           100%       N/A       1%          1
b - Spider Form           Tmut/Pois      27%        N/A       4%          3
c - Ice Form              Ice/Tmut       39%        N/A       3%          4
d - Dragon Form           Tmut           25%        N/A       38%         7

Your spell library contained the following spells:

 Spells                   Type           Power      Damage    Failure   Level
 Wereblood                Tmut           50%        N/A       1%          2
 Sting                    Tmut/Pois      100%       1d8       2%          1
 Ignite Poison            Fire/Tmut/Pois 19%        N/A       9%          3
 Petrify                  Tmut/Erth      27%        N/A       10%         4
 Alistair's Intoxication  Tmut/Pois      18%        N/A       22%         5
 Irradiate                Conj/Tmut      13%        3d16      22%         5
 Call Canine Familiar     Summ           3%         N/A       32%         3
 Conjure Flame            Conj/Fire      3%         6-21      32%         3
 Dazzling Flash           Conj/Hex       6%         N/A       32%         3
 Gell's Gravitas          Tloc           3%         N/A       32%         3
 Portal Projectile        Hex/Tloc       6%         N/A       32%         3
 Teleport Other           Tloc           3%         N/A       32%         3
 Iskenderun's Mystic Bla  Conj/Tloc      3%         2d3       65%         4
 Leda's Liquefaction      Hex/Erth       1%         N/A       65%         4
 Sticky Flame             Conj/Fire      3%         2d3       65%         4
 Eringya's Noxious Bog    Tmut/Pois      13%        N/A       65%         6
 Summon Forest            Summ/Tloc      1%         N/A       90%         5
 Dispersal                Tloc           1%         N/A       100%        6
 Starburst                Conj/Fire      1%         6d3       100%        6
 Summon Hydra             Summ           1%         N/A       100%        7
 Necromutation            Tmut/Necr      13%        N/A       100%        8


Dungeon Overview and Level Annotations

Branches:
Dungeon (9/15)             Temple (1/1) D:4
   Lair: D:8-11         Orc: D:9-12

Altars:
Ashenzari
Cheibriados
Dithmenos
Elyvilon
Fedhas
Gozag
Hepliaklqana
Kikubaaqudgha
Makhleb
Nemelex Xobeh
Okawaru
Qazlal
Ru
Sif Muna
Trog
Uskayaw
Vehumet
Wu Jian
Xom
Yredelemnul
Zin
The Shining One

Shops:
D:1 *

Annotations:
D:9 Erica


Innate Abilities, Weirdness & Mutations

You are a venomous arachnid creature.
You have poisonous fangs.
You are tiny and dextrous.
Your spellcasting is less reliable in this form.
Your armour is entirely melded.
You are incapable of wielding weapons or throwing items.
((You can breathe waves of freezing cold which knock back foes.))
((Your icy white scales are hard. (AC +7)))
You cannot fit into any form of body armour.
((Your flesh is cold resistant. (rC+)))
((You are cold-blooded and may be slowed by cold attacks.))
You cannot study or use magical devices.
((You have a pair of small antennae on your head.))
((You are covered in fur. (AC +1)))
You occasionally lose the ability to drink potions when taking damage.


Message History

You see here a book of the Hunter.
You pick up a book of the Hunter and begin reading...
You add the spells Call Canine Familiar, Portal Projectile and Leda's Liquefaction to your library.
Casting: Ice Form (dangerous; 1% risk of failure)
Confirm with . or Enter, or press ? or * to list all spells.
Okay, then.
Casting: Ice Form (dangerous; 1% risk of failure)
Confirm with . or Enter, or press ? or * to list all spells.
You turn into a venomous arachnid creature.
Your +3 dagger of venom melds into your body.
Your +0 pair of gloves melds into your body.
Your +3 dagger of venom stops dripping with poison.
Erica shouts!
Erica casts a spell.
Erica flickers and vanishes!
Deactivating autopickup; reactivate with Ctrl-A.
You hear some strange, mumbled words.
You are confused.
Something barely misses you. Something hits you! Something burns you.
You hear some strange, mumbled words.
Something tries to affect you, but you resist.
It was a potion of curing.
You feel better. Something hits you. Something burns you. Something hits you!
Something burns you. Something hits you! Something burns you.
You closely miss something. You bite something!
Something hits you but does no damage.
You miss something.
You hear some strange, mumbled words.
A lance of force appears from out of thin air!
The lance of force hits you!!
* * * LOW HITPOINT WARNING * * *
You are knocked back by the lance of force.
You redirect something's attack!
Something hits you!
You feel threatened and lose the ability to drink potions!
* * * LOW HITPOINT WARNING * * *
Something burns you.
You die...

#.. #..# #..#
#..##### #>.....#
######......##
####........<...#
................#
.........s.....#
##...........#
#...........#
#...........#
#....$......#
#.........###
#.........#
...........#
######+#....#


There were no monsters in sight!

Vanquished Creatures
  A centaur warrior (D:8)
  5 yaks
  A steam dragon (D:8)
  3 ice beasts
  An orc warrior (D:8)
  A sky beast (D:7)
  An ogre (D:7)
  2 centaurs
  A phantom (D:5)
  A kobold brigand (D:8)
  3 scorpions
  4 bullfrogs
  A necrophage (D:6)
  2 gnoll sergeants
  12 wights
  2 howler monkeys (D:8)
  4 jellies
  An orc priest (D:8)
  3 hounds
  3 gnoll boudas
  An iguana (D:4)
  Jessica (D:3)
  Natasha (D:4)
  2 orc wizards
  21 gnolls
  8 adders
  A shadow imp (D:7)
  A white imp (D:6)
  3 ufetubi
  4 worms
  3 dart slugs
  9 orcs
  5 ball pythons
  7 endoplasms
  4 giant cockroaches
  2 goblins
  6 hobgoblins
  6 jackals
  4 quokkas
  5 bats
  3 frilled lizards
  10 kobolds
  9 rats
168 creatures vanquished.

Notes
Turn   | Place    | Note
-------+----------+-------------------------------------------
     0 | D:1      | Malachi the Draconian Transmuter began the quest for the
                  | Orb.
     0 | D:1      | Reached XP level 1. HP: 16/16 MP: 3/3
   133 | D:1      | Reached XP level 2. HP: 21/23 MP: 3/5
   226 | D:1      | Found Vuemivvo's Assorted Antiques.
   922 | D:1      | Reached XP level 3. HP: 28/28 MP: 7/7
   987 | D:1      | Found a faded altar of an unknown god.
  1241 | D:1      | Reached skill level 3 in Transmutations
  1881 | D:2      | Reached XP level 4. HP: 35/35 MP: 8/8
  2592 | D:3      | Noticed Jessica
  2940 | D:3      | Killed Jessica
  2948 | D:3      | Gained mutation: Your magical capacity is low. (-10% MP)
                  | [potion of mutation]
  2959 | D:3      | Reached skill level 4 in Transmutations
  2959 | D:3      | Reached XP level 5. HP: 3/40 MP: 9/9
  3346 | D:3      | Learned a level 3 spell: Spider Form
  3351 | D:3      | Learned a level 4 spell: Ice Form
  3439 | D:3      | Found a bloodstained altar of Trog.
  3682 | D:3      | Lost mutation: Your magical capacity is low. (-10% MP)
                  | [potion of mutation]
  3682 | D:3      | Gained mutation: You are covered in fur. (AC +1) [potion of
                  | mutation]
  3682 | D:3      | Gained mutation: You occasionally lose the ability to drink
                  | potions when taking damage. [potion of mutation]
  3682 | D:3      | Gained mutation: You have a pair of small antennae on your
                  | head. [potion of mutation]
  3918 | D:4      | Reached skill level 5 in Transmutations
  3918 | D:4      | Reached XP level 6. HP: 5/47 MP: 12/12
  4405 | D:4      | Noticed Natasha
  4415 | D:4      | Killed Natasha
  4644 | D:4      | Reached skill level 6 in Transmutations
  4792 | D:4      | Found a staircase to the Ecumenical Temple.
  4802 | Temple   | Entered the Ecumenical Temple
  4879 | Temple   | Became a worshipper of Ru the Awakened
  5291 | D:5      | Entered Level 5 of the Dungeon
  5316 | D:5      | Your scales start taking on an icy white colour.
  5316 | D:5      | Reached XP level 7. HP: 34/52 MP: 8/13
  5316 | D:5      | Gained mutation: Your flesh is cold resistant. (rC+) [White
                  | Draconian growth]
  5481 | D:5      | Reached skill level 7 in Transmutations
  5970 | D:5      | Identified the +8 whip "Foh Xocu" {holy, Fragile rElec
                  | rF+++ rN++}
  6200 | D:5      | Reached skill level 8 in Transmutations
  6692 | D:6      | Reached XP level 8. HP: 50/59 MP: 14/14
  6823 | D:6      | Found a broken altar of Ashenzari.
  6857 | D:6      | Reached skill level 5 in Ice Magic
  6978 | D:6      | Found a radiant altar of Vehumet.
  6997 | D:6      | Gained mutation: You cannot study or use magical devices.
                  | [Ru sacrifice]
  6997 | D:6      | Reached * piety under Ru
  6997 | D:6      | Reached ** piety under Ru
  7353 | D:6      | Identified 2 scrolls of acquirement
  7353 | D:6      | Acquired the Volume of Changing
  7355 | D:6      | Acquired the ring of Birdsong {Wiz Drain rPois Dex+6}
  7378 | D:6      | Learned a level 7 spell: Dragon Form
  7501 | D:7      | Found a basalt altar of Yredelemnul.
  8256 | D:6      | Reached skill level 9 in Transmutations
  9198 | D:7      | Found a shadowy altar of Dithmenos.
  9443 | D:7      | Found a sparkling altar of Nemelex Xobeh.
  9504 | D:7      | Reached XP level 9. HP: 64/64 MP: 11/15
  9678 | D:7      | Reached skill level 10 in Transmutations
 10284 | D:8      | Noticed a centaur warrior
 10296 | D:8      | Killed a centaur warrior
 10297 | D:8      | Reached skill level 11 in Transmutations
 10559 | D:8      | Found a hazy altar of Hepliaklqana.
 10901 | D:8      | Reached skill level 12 in Transmutations
 11095 | D:8      | Found a hide-covered altar of Uskayaw.
 11164 | D:8      | Identified the +3 ring mail of Novaol Fom {Str-5 Int+3
                  | Dex+2}
 11216 | D:8      | Found a burning altar of Makhleb.
 11358 | D:7      | Reached XP level 10. HP: 36/71 MP: 13/16
 11640 | D:8      | HP: 4/85 [yak (8)]
 12290 | D:8      | Reached skill level 13 in Transmutations
 12924 | D:9      | Noticed Erica
 12945 | D:9      | Slain by Erica

Illustrated notes

Levels and vault maps discovered:
D:1:      saegor_arrival_simple_d, layout_rooms,
          shapermc_ecumenical_altar_mp_ritualfount, serial_shops,
          nicolae_shop_hallway_stairs
D:2:      layout_basic
D:3:      layout_rooms, mainiacjoe_overflow_catwalk, uniq_jessica
D:4:      layout_basic, minmay_temple_entry_poolview, uniq_natasha
D:5:      layout_basic
D:6:      layout_loops_cross, nicolae_overflow_crystal_walls,
          nicolae_vehumet_altar_sigil
D:7:      layout_loops_cross, kennysheep_mini_moat,
          mainiacjoe_overflow_cross_hatched,
          mainiacjoe_overflow_concentric_impassable
D:8:      layout_loops_corners, bloody_makhleb, nicolae_uskayaw_dance_studio,
          amcnicky_altar_gilded, minmay_between
D:9:      layout_irregular_city, serial_column_ruins, column_ruins_hut,
          column_ruins_hut, column_ruins_columns_straight, column_ruins_grid_3,
          column_ruins_grid_1, column_ruins_grid_1, column_ruins_open_tiny,
          dk_rats_in_the_wall, uniq_erica, uniq_maurice, uniq_grum
Temple:   nicolae_temple_god_jail

Skill      XL: |  1  2  3  4  5  6  7  8  9 10 |
---------------+-------------------------------+-----
Transmutations | 3 4 5 6 8 9 12 13 | 13.1
Spellcasting   | 3 4 |  4.0
Ice Magic      | 3 7 |  7.0
Fighting       | |  1.1
Dodging        | |  1.7
Unarmed Combat | |  3.0

Action                   |  1- 3 |  4- 6 |  7- 9 | 10-12 || total
-------------------------+-------+-------+-------+-------++-------
Melee: Unarmed           |    97 |     2 |   271 |    42 ||   412
       Kick              |    20 |    13 |    17 |       ||    50
       Headbutt          |     8 |     5 |       |       ||    13
       Punch             |     2 |     4 |     5 |       ||    11
       Tailslap          |     6 |    16 |    14 |       ||    36
       Dagger            |    29 |   141 |   129 |       ||   299
 Cast: Beastly Appendage |    16 |     8 |     6 |       ||    30
       Ice Form          |       |     1 |    20 |     3 ||    24
       Spider Form       |       |       |     7 |     1 ||     8
Invok: Sacrifice Artific |       |       |     1 |       ||     1
 Abil: Breathe Frost     |       |       |     6 |       ||     6
  Use: Scroll            |       |    10 |    13 |     1 ||    24
       Potion            |       |     3 |       |     1 ||     4
 Stab: Sleeping          |     1 |       |     1 |       ||     2
       Invisible         |       |       |     1 |       ||     1
Armor: Skin              |    50 |    75 |   131 |    10 ||   266
Dodge: Dodged            |    71 |   123 |   325 |    17 ||   536

Table legend: (Time is in decaauts)
 A = Elapsed time spent in this place.
 B = Non-inter-level travel time spent in this place.
 C = Inter-level travel time spent in this place.
 D = Time resting spent in this place.
 E = Time spent auto-exploring this place.
 F = Levels seen in this place.
 G = Mean time per level.
                   A        B        C        D        E       F      G
               +--------+--------+--------+--------+--------+-----+--------+
         Total |  12951 |  12649 |    302 |   4569 |   6215 |  10 | 1295.1 |
       Dungeon |  12859 |  12570 |    289 |   4569 |   6191 |   9 | 1428.8 |
        Temple |     91 |     78 |     13 |      0 |     24 |   1 |   91.0 |
               +--------+--------+--------+--------+--------+-----+--------+

Top non-repeatable levels by time:
     D:8: 2429 daAuts
     D:7: 2072 daAuts
     D:6: 1916 daAuts
     D:2: 1616 daAuts
     D:4: 1614 daAuts
     D:1: 1539 daAuts
     D:5: 1069 daAuts
     D:3: 579 daAuts
  Temple: 91 daAuts
     D:9: 22 daAuts
